 Dungeon Crawl Stone Soup version 0.28.0-45-g0d030f2227 (webtiles) character file.

Game seed: 10946859509644133744

109 Gabide the Grave Robber (level 4, 0/32 HPs)
             Began as a Mummy Necromancer on Apr 17, 2022.
             Slain by an orc priest
             ... wielding a +0 club
              (4 damage)
             ... on level 2 of the Dungeon.
             The game lasted 00:04:10 (3380 turns).

Gabide the Grave Robber (Mummy Necromancer)         Turns: 3380, Time: 00:04:10

Health: 0/32       AC:  2    Str: 11    XL:     4   Next: 60%
Magic:  1/9        EV: 12    Int: 16    God:
Gold:   41         SH:  0    Dex: 12    Spells: 9/10 levels left

rFire   x . .      SeeInvis .   (no weapon)
rCold   + . .      Faith    .   (no shield)
rNeg    + + +      Spirit   .   a - +0 robe
rPois   ∞          Reflect  .   (no helmet)
rElec   .          Harm     .   (no cloak)
rCorr   .          Rampage  .   (no gloves)
Will    .....                   (no boots)
Stlth   ++........              (no amulet)
HPRegen 0.10/turn               (no ring)
MPRegen 0.11/turn               (no ring)

@: no status effects
A: cold resistance 1, negative energy resistance 3, torment resistance 2, heat
vulnerability 1, no potions
a: no special abilities


You were on level 2 of the Dungeon.
You visited 1 branch of the dungeon, and saw 3 of its levels.

You collected 41 gold pieces.

Inventory:

Armour
 a - a +0 robe (worn)
Scrolls
 b - 2 scrolls of identify {unknown}
 c - a scroll of vulnerability {unknown}
 d - a scroll of magic mapping {unknown}


   Skills:
 * Level 1.6 Fighting
 * Level 2.2 Dodging
 + Level 1.9 Stealth
 * Level 3.6 Spellcasting
 * Level 4.7 Necromancy


You had 9 spell levels left.
You knew the following spells:

 Your Spells              Type           Power      Damage    Failure   Level
a - Pain                  Necr           72%        1d7       2%          1

Your spell library contained the following spells:

 Spells                   Type           Power      Damage    Failure   Level
 Animate Skeleton         Necr           36%        N/A       2%          1
 Vampiric Draining        Necr           18%        2d7       8%          3
 Sting                    Tmut/Pois      8%         1d3       17%         1
 Animate Dead             Necr           9%         N/A       24%         4
 Poisonous Vapours        Pois/Air       4%         N/A       26%         2
 Agony                    Necr           18%        N/A       56%         5
 Olgreb's Toxic Radiance  Pois           2%         N/A       86%         4


Dungeon Overview and Level Annotations

Branches:
Dungeon (3/15)

Altars:

Shops:
D:1 ?


Innate Abilities, Weirdness & Mutations

You are immune to poison.
Your flesh is cold resistant. (rC+)
You are immune to negative energy. (rN+++)
You are immune to unholy pain and torment.
You are vulnerable to heat. (rF-)
You do not drink.


Message History

You are too injured to fight recklessly!
You are too injured to fight recklessly!
Aiming: Pain (safe; 2% risk of failure)
Press: ? - help, Q - select action Shift-Dir - straight line, f/p - orc priest
Aim: an orc priest, wielding a +0 club and wearing a +0 leather armour (lightly wounded, chance to affect: 76%)
The orc priest writhes in agony.
The orc priest misses you.
Aiming: Pain (safe; 2% risk of failure)
Press: ? - help, Q - select action Shift-Dir - straight line, f/p - orc priest
Aim: an orc priest, wielding a +0 club and wearing a +0 leather armour (heavily wounded, chance to affect: 76%)
The orc priest writhes in agony.
The orc priest hits you with a +0 club.
You closely miss the orc priest.
The orc priest is severely wounded.
The orc priest hits you with a +0 club.
* * * LOW HITPOINT WARNING * * *
You hit the orc priest but do no damage.
The orc priest is severely wounded.
The orc priest miscasts a cantrip.
You hit the orc priest but do no damage.
The orc priest is severely wounded.
The orc priest hits you with a +0 club.
* * * LOW HITPOINT WARNING * * *
You hit the orc priest but do no damage.
The orc priest is severely wounded.
The orc priest begins to cast a cantrip, but forgets the words!
You barely miss the orc priest.
The orc priest is severely wounded.
The orc priest hits you but does no damage.
You hit the orc priest but do no damage.
The orc priest is severely wounded.
The orc priest hits you with a +0 club.
* * * LOW HITPOINT WARNING * * *
You barely miss the orc priest.
The orc priest is severely wounded.
The orc priest barely misses you.
You hit the orc priest but do no damage.
The orc priest is severely wounded.
The orc priest hits you with a +0 club.
You die...

#++####........###.# #.#.....#
≈..≈≈≈#......÷...............##
.....≈##.###...###.#########..#
.≈≈..≈#.............. .... ##.#
≈≈≈≈..'..###...###..#...#.. #.#
≈≈≈≈..'.## #...# ..........$#.###
.≈≈.[≈#..# #...# ..........⌠#....
.....≈#..###)..##.)........$#...#
≈..≈≈≈#....#....@)..#...#..##.#.#
#''####..........o........# #.#.#
#..#.......#####...####### ..#.#
##.#.#...### ##...... ..##.# .†.#
#...#########.#### ### #.#
####.##.#........<.# #.#
#....#.########## #..
#............# #.# ##.###.#####.#
#.#


You could see an orc priest.

Vanquished Creatures
  An orc priest (D:2)
  3 adders (D:2)
  3 dart slugs
  3 orcs (D:2)
  4 bats (D:1)
  6 endoplasms
  3 giant cockroaches (D:1)
  3 hobgoblins
  4 quokkas
  2 ball pythons (D:1)
  2 frilled lizards
  2 goblins
  4 kobolds (D:1)
  4 rats
44 creatures vanquished.

Notes
Turn   | Place    | Note
-------+----------+-------------------------------------------
     0 | D:1      | Gabide the Mummy Necromancer began the quest for the Orb.
     0 | D:1      | Reached XP level 1. HP: 13/13 MP: 4/4
    19 | D:1      | Found Nyumn's Magic Scroll Shop.
  1130 | D:1      | Reached XP level 2. HP: 19/19 MP: 3/5
  1761 | D:1      | Found a faded altar of an unknown god.
  2002 | D:2      | Reached XP level 3. HP: 25/25 MP: 3/7
  2179 | D:2      | You fall into a shaft and drop 1 floor!
  2184 | D:3      | Reached skill level 1 in Fighting
  2984 | D:2      | Reached XP level 4. HP: 32/32 MP: 3/9
  3380 | D:2      | Slain by an orc priest

Illustrated notes

Levels and vault maps discovered:
D:1:      ncdulo_smallfort, layout_rooms, serial_forest,
          infiniplex_forest_clump_curved, infiniplex_forest_clump_double,
          infiniplex_forest_lined_room_2, infiniplex_forest_end_3,
          infiniplex_forest_clump_large, infiniplex_forest_lined_3_way,
          serial_shops, nicolae_shop_hallway_plus,
          dreamdust_ecumenical_altar_statues
D:2:      cheibrodos_pilgrimage, layout_loops_ring, kennysheep_generic_room_6
D:3:      minmay_diamond_boxcup, layout_loops_corners, pf_guarded_unrand_meek

Skill      XL: |  1  2  3 |
---------------+----------+-----
Spellcasting   | 3 |  3.6
Fighting       | 1 |  1.6
Dodging        | 2 |  2.2
Stealth        | |  1.9
Necromancy     | |  4.7

Action                   |  1- 3 |  4- 6 || total
-------------------------+-------+-------++-------
Melee: Unarmed           |    19 |     8 ||    27
 Cast: Pain              |    91 |    23 ||   114
Armor: Robe              |     5 |     1 ||     6
Dodge: Dodged            |    17 |     5 ||    22
